 Dungeon Crawl Stone Soup version 0.30-a0-918-g0ff054e9dc (webtiles) character file.

Game seed: 6767965969993019385

3842 qeuew the Blocker (level 10, 0/79 HPs)
             Began as a Formicid Fighter on Mar 20, 2023.
             Was a Priest of Dithmenos.
             Slain by a yak (13 damage)
             ... on level 8 of the Dungeon.
             The game lasted 00:12:38 (6554 turns).

qeuew the Blocker (Formicid Fighter)                Turns: 6554, Time: 00:12:39

Health: 0/79       AC:  9    Str: 22    XL:     10   Next: 41%
Magic:  10/10      EV: 10    Int:  9    God:    Dithmenos [***...]
Gold:   738        SH:  7    Dex: 21    Spells: 9/9 levels left

rFire   . . .      SeeInvis +    i - +9 sword of Zonguldrok {reap}
rCold   . . .      Faith    .    c - +0 buckler
rNeg    . . .      Spirit   .    o - +0 swamp dragon scales
rPois   +          Reflect  .    (helmet unavailable)
rElec   .          Rampage  .    (no cloak)
rCorr   .                        (no gloves)
Will    +....                    (no boots)
Stlth   +                        (no amulet)
HPRegen 0.33/turn                k - +6 ring of dexterity
MPRegen 0.12/turn                h - ring of flight

@: flying, wreathed by umbra
A: permanent stasis, dig shafts and tunnels, antennae 3, four strong arms
a: Dig, Shaft Self, Renounce Religion, Shadow Step


You were on level 8 of the Dungeon.
You worshipped Dithmenos.
Dithmenos was most pleased with you.
You visited 1 branch of the dungeon, and saw 8 of its levels.
You also visited: Bailey.

You collected 1618 gold pieces.
You spent 880 gold pieces at shops.

Inventory:

Hand Weapons
 i - the +9 sword of Zonguldrok (weapon) {reap}
   (You bought it in a shop on level 2 of the Dungeon)
Missiles
 s - a throwing net
Armour
 c - a +0 buckler (worn)
 o - +0 swamp dragon scales (worn)
Jewellery
 h - a ring of flight (right hand)
 k - a +6 ring of dexterity (left hand)
Wands
 l - a wand of roots (3)
 m - a wand of paralysis (9)
Scrolls
 a - a scroll of enchant weapon
 b - a scroll of brand weapon
 e - a scroll of enchant armour
 g - 6 scrolls of teleportation
 n - a scroll of blinking
 t - 2 scrolls of magic mapping
 u - a scroll of poison
Potions
 d - 2 potions of might
 f - 3 potions of magic
 j - 5 potions of flight
 p - a potion of cancellation {unknown}
 q - a potion of resistance
 r - a potion of heal wounds


   Skills:
 + Level 7.3 Fighting
 * Level 7.8 Long Blades
 - Level 3.5 Axes
 + Level 7.2 Armour
 + Level 8.6 Shields
 + Level 5.8 Evocations


You had 9 spell levels left.
You didn't know any spells.
Your spell library contained the following spells:

 Spells                   Type           Power      Damage    Failure   Level
 Cigotuvi's Dreadful Rot  Necr/Pois/Air  0%         N/A       73%         2
 Lesser Beckoning         Tloc           0%         N/A       73%         2
 Momentum Strike          Conj/Tloc      0%         3d8       73%         2
 Poisonous Vapours        Pois/Air       0%         N/A       73%         2
 Call Canine Familiar     Summ           0%         N/A       91%         3
 Mephitic Cloud           Conj/Pois/Air  0%         N/A       91%         3
 Portal Projectile        Hex/Tloc       0%         N/A       91%         3
 Leda's Liquefaction      Hex/Erth       0%         N/A       100%        4
 Alistair's Intoxication  Tmut/Pois      0%         N/A       100%        5
 Borgnjor's Vile Clutch   Necr/Erth      0%         N/A       100%        5
 Eringya's Noxious Bog    Tmut/Pois      0%         N/A       100%        6
 Blink                    Tloc           Unusable   N/A       N/A         2

Dungeon Overview and Level Annotations

Branches:
Dungeon (8/15)             Temple (0/1) D:4          Bailey (visited)
   Lair: D:8-11

Altars:
Dithmenos

Shops:
D:2 (   D:7 (

Annotations:
D:7 3 runed translucent doors, jimonade's ghost, novice FoHu


Innate Abilities, Weirdness & Mutations

You cannot be hasted, slowed, berserked, paralysed or teleported.
You can dig through walls and to a lower floor.
You have a pair of large antennae on your head. (SInv)
Your four strong arms can wield two-handed weapons with a shield.


Message History

The kobold barely misses your yak zombie.
Your kobold zombie barely misses the kobold.
Your yak zombie closely misses the kobold.
The yak gores your yak zombie.
The kobold hits your yak zombie with a +0 club.
Your yak zombie gores the yak but does no damage.
Your kobold zombie closely misses the kobold.
The yak gores your yak zombie.
The kobold hits your yak zombie with a +0 club.
Your yak zombie misses the kobold.
Your yak zombie gores the yak!
The yak gores your yak zombie.
The kobold hits your yak zombie with a +0 club.
Your kobold zombie barely misses the kobold.
Your yak zombie gores the kobold.
The kobold dies!
Dithmenos accepts your kill.
Your yak zombie barely misses the yak.
The yak gores your yak zombie!
Your yak zombie gores the yak!
You swap places.
The yak barely misses your yak zombie.
Items here: (( )).
You swap places.
The yak gores you!
* * * LOW HITPOINT WARNING * * *
You barely miss the yak.
The yak is heavily wounded.
The yak gores you but does no damage. The yak barely misses you.
You slice the yak!!
You kill the yak!
Dithmenos accepts your kill.
Unknown command.
You slash the yak!
The yak is lightly wounded.
The yak gores you.
* * * LOW HITPOINT WARNING * * *
You slash the yak!
The yak is heavily wounded.
The yak gores you but does no damage.
You hit the yak but do no damage.
The yak is heavily wounded.
The yak gores you!
You die...

#.# #.# #.# #.##
#.. #.# # #Z#
..#
..#####Z###....#
......ZZ@YYY...#
..####)####.....
...K ... ..... .
....... ..#.##.
. .. .. .# ##


You could see 3 yaks, 2 friendly yak zombies, a friendly steam dragon zombie and
a friendly kobold zombie.

Vanquished Creatures
  Sigmund (D:6)
  2 yaks (D:8)
  A steam dragon (D:8)
  Edmund (D:6)
  2 water moccasins
  Duvessa (D:5)
  5 orc warriors (Bailey)
  4 black bears
  2 phantoms
  A kobold brigand (D:8)
  2 bullfrogs (D:6)
  2 gnoll sergeants
  3 scorpions
  Dowan (D:5)
  4 killer bees (D:8)
  A howler monkey (D:6)
  3 hounds
  A gnoll bouda (D:7)
  4 orc priests
  A jelly (D:6)
  2 sleepcaps
  An iguana (D:6)
  5 orc wizards
  12 gnolls
  6 adders
  A shadow imp (D:7)
  A white imp (D:7)
  A worm (D:3)
  3 dart slugs
  37 orcs
  6 ball pythons
  5 bats
  3 endoplasms
  4 giant cockroaches
  5 goblins
  7 hobgoblins
  4 jackals (D:2)
  9 kobolds
  3 quokkas
  4 frilled lizards
  2 rats
163 creatures vanquished.

Vanquished Creatures (collateral kills)
  A yak (D:8)
  2 bullfrogs
  3 gnolls
  5 orcs
  4 kobolds (D:8)
15 creatures vanquished.

Vanquished Creatures (others)
  A water moccasin zombie (D:8)
  3 killer bee zombies (D:8)
  20 orc zombies
  An adder zombie (D:6)
  3 gnoll zombies (D:6)
28 creatures vanquished.

Grand Total: 206 creatures vanquished

Notes
Turn   | Place    | Note
-------+----------+-------------------------------------------
     0 | D:1      | qeuew the Formicid Fighter began the quest for the Orb.
     0 | D:1      | Reached XP level 1. HP: 18/18 MP: 1/1
    82 | D:1      | Reached XP level 2. HP: 23/24 MP: 2/2
   430 | D:1      | Reached XP level 3. HP: 29/29 MP: 3/3
   988 | D:2      | Found Bus Jih's Weapon Boutique.
  1065 | D:2      | Reached XP level 4. HP: 37/37 MP: 4/4
  1219 | D:2      | Reached XP level 5. HP: 34/42 MP: 5/5
  1676 | D:3      | Found a shadowy altar of Dithmenos.
  1700 | D:3      | Became a worshipper of Dithmenos the Shadowed
  2093 | D:3      | Identified a scroll of acquirement
  2093 | D:3      | Acquired 1103 gold pieces
  2133 | D:2      | Bought the +9 sword of Zonguldrok {reap} for 880 gold
                  | pieces
  2133 | D:2      | Found the +9 sword of Zonguldrok {reap}
  2236 | D:4      | Found a staircase to the Ecumenical Temple.
  2449 | D:4      | Noticed a phantom
  2454 | D:4      | Killed a phantom
  2455 | D:4      | Reached skill level 1 in Long Blades
  2455 | D:4      | Reached skill level 5 in Shields
  2455 | D:4      | Reached skill level 1 in Evocations
  2455 | D:4      | Reached XP level 6. HP: 37/48 MP: 6/6
  2632 | D:4      | Identified the +0 leather armour "Ohezaphy" {rF+ Int+2}
  2895 | D:4      | Noticed a black bear
  2901 | D:4      | Killed a black bear
  2983 | D:5      | Entered Level 5 of the Dungeon
  3072 | D:5      | Noticed a black bear
  3079 | D:5      | Killed a black bear
  3080 | D:5      | Reached XP level 7. HP: 40/55 MP: 7/7
  3385 | D:5      | Noticed Dowan
  3387 | D:5      | Noticed Duvessa
  3395 | D:5      | Killed Duvessa
  3396 | D:5      | Killed Dowan
  3396 | D:5      | Reached * piety under Dithmenos
  3397 | D:5      | Reached skill level 5 in Fighting
  3397 | D:5      | Reached skill level 6 in Shields
  3442 | D:5      | Reached XP level 8. HP: 59/62 MP: 8/8
  3498 | D:5      | Reached skill level 5 in Armour
  4044 | D:6      | Noticed Edmund
  4053 | D:6      | Killed Edmund
  4134 | D:6      | Noticed Sigmund
  4136 | D:6      | Reached skill level 5 in Long Blades
  4140 | D:6      | Reached XP level 9. HP: 67/69 MP: 9/9
  4151 | D:6      | Killed Sigmund
  4152 | D:6      | Reached skill level 7 in Shields
  4497 | D:6      | Reached ** piety under Dithmenos
  4997 | D:7      | Found a flagged portal.
  5012 | Bailey   | Entered a bailey
  5201 | Bailey   | Reached skill level 5 in Evocations
  5463 | Bailey   | Noticed an orc knight
  5743 | D:7      | Found a runed translucent gate.
  5743 | D:7      | Noticed a two-headed ogre
  5743 | D:7      | Noticed jimonade's ghost (novice FoHu)
  5744 | D:7      | Found a runed translucent gate.
  5744 | D:7      | Found a runed translucent gate.
  5746 | D:7      | Found Ineged's Antique Weapon Emporium.
  5802 | D:7      | Reached skill level 8 in Shields
  5968 | D:7      | Reached XP level 10. HP: 77/77 MP: 10/10
  6527 | D:8      | Reached *** piety under Dithmenos
  6554 | D:8      | Slain by a yak

Illustrated notes

Levels and vault maps discovered:
D:1:      dpeg_arrival_brainrot, layout_loops_ring, grunt_decor_resistance,
          minmay_indecisive_spiral
D:2:      layout_rooms, serial_shops, shop
D:3:      layout_rooms, nicolae_dithmenos_shadow_blocks
D:4:      layout_gridville, minmay_temple_entry_statues_pillars
D:5:      layout_loops_ring, minivault_26, hangedman_decor_push, uniq_duvessa
D:6:      layout_cave_pods, chequers_serial_rivers_small_3, st_stairs_3,
          uniq_sigmund, uniq_edmund
D:7:      layout_basic, serial_shops, shop, gammafunk_ghost_split,
          enter_bailey_4
D:8:      layout_loops_cross, ebering_ghost_funeral_grove

Skill      XL: |  1  2  3  4  5  6  7  8  9 10 |
---------------+-------------------------------+-----
Axes           | 3 |  3.5
Fighting       | 4 5 6 7 |  7.3
Armour         | 4 5 6 7 |  7.2
Long Blades    | 1 2 3 5 6 7 |  7.8
Shields        | 5 6 8 |  8.6
Evocations     | 1 2 3 5 |  5.8

Action                     |  1- 3 |  4- 6 |  7- 9 | 10-12 || total
---------------------------+-------+-------+-------+-------++-------
  Melee: War axe           |   108 |    44 |       |       ||   152
         Double sword      |       |    34 |   182 |    48 ||   264
  Evoke: Wand              |       |       |     1 |       ||     1
    Use: Scroll            |     5 |     8 |     3 |       ||    16
         Potion            |     3 |     1 |     3 |       ||     7
   Stab: Distracted        |       |       |     2 |       ||     2
         Invisible         |       |       |     1 |       ||     1
         Sleeping          |       |       |       |     1 ||     1
 Armour: Scale mail        |    62 |     8 |       |       ||    70
         Swamp dragon scal |       |    33 |    72 |    29 ||   134
  Dodge: Dodged            |    46 |    43 |   138 |    19 ||   246
  Block: Buckler           |    38 |    24 |    85 |    17 ||   164

Table legend: (Time is in decaauts)
 A = Elapsed time spent in this place.
 B = Non-inter-level travel time spent in this place.
 C = Inter-level travel time spent in this place.
 D = Time resting spent in this place.
 E = Time spent auto-exploring this place.
 F = Levels seen in this place.
 G = Mean time per level.
                   A        B        C        D        E       F      G
               +--------+--------+--------+--------+--------+-----+--------+
         Total |   6681 |   6405 |    276 |      0 |   5255 |   9 |  742.3 |
       Dungeon |   6185 |   5909 |    276 |      0 |   4901 |   8 |  773.1 |
        Bailey |    496 |    496 |      0 |      0 |    354 |   1 |  496.0 |
               +--------+--------+--------+--------+--------+-----+--------+

Top non-repeatable levels by time:
     D:7: 1080 daAuts
     D:5: 1041 daAuts
     D:6: 959 daAuts
     D:1: 871 daAuts
     D:4: 816 daAuts
     D:2: 757 daAuts
     D:3: 606 daAuts
  Bailey: 496 daAuts
     D:8: 52 daAuts
